 Dungeon Crawl Stone Soup version 0.17-a0-2098-gf59d6bc (webtiles) character file.

95 4thArraOfDagon the Firebug (level 4, 0/24 HPs)
             Began as a Deep Elf Fire Elementalist on Oct 17, 2015.
             Killed from afar by an orc wizard (9 damage)
             ... with a magic dart
             ... on level 6 of the Dungeon.
             The game lasted 00:06:19 (912 turns).

4thArraOfDagon the Firebug (DEFE)                    Turns: 912, Time: 00:06:19

Health: 0/24       AC:  2    Str:  5    XL:     4   Next: 39%
Magic:  3/12       EV: 13    Int: 21    God:
Gold:   0          SH:  0    Dex: 15    Spells: 3 memorised, 3 levels left

rFire  + + .     SeeInvis .     f - +0 whip
rCold  x x .     Clarity  .     a - +0 robe
rNeg   . . .     SustAt   .     (no shield)
rPois  .         Gourm    .     (no helmet)
rElec  .         Spirit   .     (no cloak)
rCorr  +         Warding  .     (no gloves)
rMut   .         Stasis   .     (no boots)
MR     .....                    q - amulet of resist corrosion
Stlth  +.........               k - ring of fire
                                h - ring of fire

@: confused, very slightly contaminated, hasted, very quick, not resistant to
hostile enchantments, very unstealthy
A: no striking features
a: no special abilities


You were on level 6 of the Dungeon.
You were not hungry.

You visited 1 branch of the dungeon, and saw 6 of its levels.

You collected 77 gold pieces.
You spent 77 gold pieces at shops.

Inventory:

Hand Weapons
 f - a +0 whip (weapon)
Missiles
 s - 6 javelins of returning (quivered)
Armour
 a - a +0 robe (worn)
Jewellery
 h - a ring of fire (left hand)
 j - an uncursed ring of positive energy
 k - a ring of fire (right hand)
 q - an amulet of resist corrosion (around neck)
Scrolls
 i - a scroll of amnesia {unknown}
 o - a scroll of recharging {unknown}
 t - a scroll of teleportation
Potions
 d - a potion of lignification
 e - a potion of haste
 n - a potion of cancellation
Books
 b - a book of Flames

   Spells                             Type                      Level
   a - Flame Tongue                   Conjuration/Fire             1
   b - Throw Flame                    Conjuration/Fire             2
   c - Conjure Flame                  Conjuration/Fire             3
   d - Inner Flame                    Hexes/Fire                   3
   e - Sticky Flame                   Conjuration/Fire             4
   f - Fireball                       Conjuration/Fire             5
Comestibles
 c - 5 bread rations
 g - a meat ration
 r - 4 fruits


   Skills:
 - Level 2.4 Dodging
 - Level 2.4 Stealth
 + Level 4.0 Spellcasting
 * Level 2.6 Conjurations
 * Level 4.5 Fire Magic


You had 3 spell levels left.
You knew the following spells:

 Your Spells              Type           Power        Failure   Level  Hunger
a - Flame Tongue          Conj/Fire      #####        2%          1    None
b - Conjure Flame         Conj/Fire      #####...     10%         3    ###....
c - Sticky Flame          Conj/Fire      #####...     28%         4    ####...


Dungeon Overview and Level Annotations

Branches:
Dungeon (6/15)
 Temple: D:4-7

Altars:
Dithmenos

Shops:
D:5 ??:=

Annotations:
D:2 Sigmund
D:5 Menkaure


Message History

Unknown command.
An orc comes into view. It is wielding a club.
The orc shouts!
Unknown command.
Something hits you but does no damage.
Unknown command.
You hear some strange, mumbled words.
Something tries to affect you, but you resist.
Unknown command.
Unknown command.
The orc throws a tomahawk.
The tomahawk barely misses you. The orc closely misses you.
You see here a tomahawk.
Unknown command.
Unknown command.
You're too confused to move!
You hear some strange, mumbled words.
A magic dart appears from out of thin air!
The magic dart hits you!
You die...

*,*******,* ******* *,* *,,*
*,,,,,, *,******,,* *,*****
*,,,,,..,,* **********,*<* *
******..,,***,,,,,,,,*,*,***
******#.*,,,*+#*****,,,,>,,*
*,,,,##.***,*.##,,,,,,,,,,,*
*,,,##..#####..##**,,,,***,*
*..##......@o...##..,,,,,,,*
*#.....⌠.Z{..[......,,,,,,,,
*###.....).....##.s,*,*,,**
******* ##..#####o.##,*,*,,,,,,,
,,,,,,****##.*****.##,**,*,,*,,,,
,,,,,,+,,,,#.*,,,*.#>,,,,*,,*,,**
,,,,,,*****#.,***,..*<****,,*,,,,
****,** #.,* *,..*,****,,***** *
*,* ##,* *,#.#,,,,,,,*,,,,


You could see 2 orcs and a wyvern skeleton.

Vanquished Creatures
  A worker ant (D:6)
  An adder (D:2)
  A shadow imp (D:5)
  A worm (D:2)
  2 giant geckos
  3 orcs
  4 bats
  6 giant cockroaches
  7 goblins
  6 hobgoblins
  3 jackals (D:3)
  6 kobolds (D:1)
  A giant cockroach zombie (D:5)
  2 giant newts (D:1)
44 creatures vanquished.

Notes
Turn   | Place    | Note
--------------------------------------------------------------
     0 | D:1      | 4thArraOfDagon the Deep Elf Fire Elementalist began the quest for the Orb.
     0 | D:1      | Reached XP level 1. HP: 10/10 MP: 6/6
   127 | D:1      | Reached XP level 2. HP: 13/15 MP: 4/8
   279 | D:2      | Reached XP level 3. HP: 19/19 MP: 7/10
   324 | D:2      | Reached skill level 4 in Fire Magic
   358 | D:2      | Noticed Sigmund
   465 | D:3      | Found a shadowy altar of Dithmenos.
   528 | D:3      | Learned a level 3 spell: Conjure Flame
   668 | D:5      | Entered Level 5 of the Dungeon
   675 | D:5      | Found Dyaqog's Book Boutique.
   684 | D:5      | Noticed Menkaure
   712 | D:5      | Found Duduupiw's Magic Scroll Emporium.
   715 | D:5      | Bought a scroll of teleportation for 33 gold pieces
   715 | D:5      | Bought a scroll of identify for 22 gold pieces
   715 | D:5      | Bought a scroll of identify for 22 gold pieces
   719 | D:5      | Found Rorr's Magic Scroll Shop.
   745 | D:5      | Found Zejatt's Jewellery Shop.
   781 | D:5      | Noticed a sky beast
   845 | D:5      | Reached XP level 4. HP: 24/24 MP: 6/11
   856 | D:5      | Learned a level 4 spell: Sticky Flame
   897 | D:5      | Noticed a water moccasin
   912 | D:6      | Killed from afar by an orc wizard

Vault maps used:
D:1:      dpeg_arrival_boxorama
D:2:      nicolae_ru_great_annihilating_truth, uniq_robin, uniq_sigmund
D:3:      nicolae_dithmenos_shadow_blocks
D:4:      minmay_temple_entry_glass, first_bread, minivault_4
D:5:      serial_shops, shop, kennysheep_mini_moat, shop,
          nicolae_shop_temple_entry_statues_fountains, kennysheep_mini,
          uniq_menkaure
D:6:      basic_altar, enter_ossuary_4, grunt_ministairs_15

Action                   |  1- 3 |  4- 6 || total
-------------------------+-------+-------++-------
Melee: Whip              |    17 |     2 ||    19
Throw: Javelin           |     1 |       ||     1
 Cast: Flame Tongue      |    59 |     4 ||    63
       Conjure Flame     |     2 |       ||     2
       Sticky Flame      |       |     1 ||     1
  Use: Scroll            |     4 |     2 ||     6
       Potion            |       |     1 ||     1
 Stab: Sleeping          |     1 |       ||     1
